 Dungeon Crawl Stone Soup version 0.30-a0-341-g682706514a (webtiles) character file.

Game seed: 5712814758684672004

4 Pooter the Chopper (level 1, -1/27 (30) HPs)
             Began as a Minotaur Berserker on Nov 2, 2022.
             Was a Follower of Trog.
             Frozen to death by an endoplasm (4 damage)
             ... on level 1 of the Dungeon.
             The game lasted 00:00:29 (34 turns).

Pooter the Chopper (Minotaur Berserker)               Turns: 34, Time: 00:00:30

HP:   -1/27 (30)    AC:  2    Str: 21    XL:     1   Next: 50%
MP:   0/0           EV: 12    Int:  4    God:    Trog [*.....]
Gold: 9             SH:  0    Dex:  9    Spells: 0/0 levels left

rFire   . . .      SeeInvis .    a - +0 hand axe
rCold   . . .      Faith    .    (no shield)
rNeg    . . .      Spirit   .    b - +0 animal skin
rPois   .          Reflect  .    (helmet restricted)
rElec   .          Harm     .    (no cloak)
rCorr   .          Rampage  .    (no gloves)
Will    .....                    (no boots)
Stlth   ..........               (no amulet)
HPRegen 0.24/turn                (no ring)
MPRegen 0.07/turn                (no ring)

@: berserking, heavily drained, very quick
A: horns 2, retaliatory headbutt
a: Renounce Religion, Berserk


You were on level 1 of the Dungeon.
You worshipped Trog.
Trog was aware of your devotion.
You visited 1 branch of the dungeon, and saw 1 of its levels.

You collected 9 gold pieces.

Inventory:

Hand Weapons
 a - a +0 hand axe (weapon)
Armour
 b - a +0 animal skin (worn)


   Skills:
 + Level 3.7 Fighting
 * Level 3.9 Axes
 - Level 2.4 Armour
 - Level 2.1 Dodging


You couldn't memorise any spells.
You didn't know any spells.
Your spell library was empty.

Dungeon Overview and Level Annotations

Branches:
Dungeon (1/15)

Altars:


Innate Abilities, Weirdness & Mutations

You have a pair of horns on your head.
You reflexively headbutt those who attack you in melee.


Message History

You miss the frilled lizard. The frilled lizard closely misses you.
You hit the giant cockroach. You closely miss the frilled lizard.
The giant cockroach closely misses you. The frilled lizard barely misses you.
The giant cockroach barely misses you.
You hit the giant cockroach but do no damage.
You miss the frilled lizard. The frilled lizard closely misses you.
The giant cockroach bites you.
You hit the giant cockroach but do no damage.
Your headbutt misses the giant cockroach.
You hit the frilled lizard.
You kill the frilled lizard!
Trog accepts your kill.
You completely miss the hobgoblin. The bat hits you but does no damage.
The giant cockroach barely misses you. The hobgoblin hits you.
You hit the giant cockroach but do no damage.
You barely miss the bat. You hit the hobgoblin. The bat barely misses you.
The giant cockroach barely misses you. The hobgoblin hits you.
The giant cockroach bites you but does no damage.
The bat hits you.
You barely miss the hobgoblin.
You hit the giant cockroach but do no damage.
You hit the bat.
You kill the bat!
Trog accepts your kill. The hobgoblin closely misses you.
The giant cockroach closely misses you. You furiously retaliate!
You headbutt the giant cockroach!
You kill the giant cockroach!
Trog accepts your kill.
You hit the hobgoblin.
You kill the hobgoblin!
Trog accepts your kill.
You barely miss the kobold. The kobold barely misses you.
The endoplasm hits you but does no damage.
The kobold completely misses you.
You hit the endoplasm. You hit the kobold.
The kobold hits you with a +0 whip of draining.
You feel drained. The endoplasm freezes you.
You are frozen.
* * * LOW HITPOINT WARNING * * *
A red film seems to cover your vision as you go berserk!
You feel yourself moving faster!
You feel mighty!
A ball python comes into view.
The kobold hits you with a +0 whip of draining.
* * * LOW HITPOINT WARNING * * *
You feel drained.
* * * LOW HITPOINT WARNING * * *
The endoplasm freezes you.
You are frozen.
You die...

#.# ##.≈≈≈≈~.#
#######.######.#.#.#.#.
......._......#.#.#.#.#
#######.#####..#.#.#.#.
#.# #.#.#.#.#.# #.#
#.######.#. ########.#
#.# .#. ......"..## #.#
# #...#.J@..# #.#
##....†K...# #.#
#..###.###..# #. S. #.#
# .#. .# .#(# . #. # #
#


You could see an endoplasm, a ball python (wandering) and a kobold.

Vanquished Creatures
  A giant cockroach (D:1)
  A hobgoblin (D:1)
  A bat (D:1)
  A frilled lizard (D:1)
4 creatures vanquished.

Notes
Turn   | Place    | Note
-------+----------+-------------------------------------------
     0 | D:1      | Pooter the Minotaur Berserker began the quest for the Orb.
     0 | D:1      | Reached XP level 1. HP: 19/19 MP: 0/0
    11 | D:1      | Found a faded altar of an unknown god.
    34 | D:1      | Frozen to death by an endoplasm

Illustrated notes

Levels and vault maps discovered:
D:1:      ncdulo_watergridlock, layout_loops_ring, basic_ecumenical_altar,
          minmay_box_of_dots

Action                   || total
-------------------------++-------
Melee: Hand axe          ||     8
Invok: Berserk           ||     1
Armor: Animal skin       ||     3
Dodge: Dodged            ||    12

Table legend: (Time is in decaauts)
 A = Elapsed time spent in this place.
 B = Non-inter-level travel time spent in this place.
 C = Inter-level travel time spent in this place.
 D = Time resting spent in this place.
 E = Time spent auto-exploring this place.
 F = Levels seen in this place.
 G = Mean time per level.
                   A        B        C        D        E       F      G
               +--------+--------+--------+--------+--------+-----+--------+
         Total |     36 |     36 |      0 |      0 |     20 |   1 |   36.0 |
       Dungeon |     36 |     36 |      0 |      0 |     20 |   1 |   36.0 |
               +--------+--------+--------+--------+--------+-----+--------+

Top non-repeatable levels by time:
     D:1: 36 daAuts
